 Dungeon Crawl Stone Soup version 0.24.0-123-gd5b16e6ec5 (webtiles) character file.

Game seed: 15825854978371307983, levelgen mode: deterministic

100 Descartes the Stinger (level 4, 0/23 HPs)
             Began as a Spriggan Wanderer on Jan 18, 2020.
             Killed from afar by an orc wizard (6 damage)
             ... with a magic dart
             ... on level 3 of the Dungeon.
             The game lasted 00:08:55 (3754 turns).

Descartes the Stinger (Spriggan Wanderer)           Turns: 3754, Time: 00:08:55

Health: 0/23       AC:  2    Str:  8    XL:     4   Next: 46%
Magic:  1/7        EV: 18    Int: 14    God:
Gold:   132        SH:  0    Dex: 15    Spells: 1/6 levels left

rFire    . . .     SeeInvis +   x - +0 dagger (freeze)
rCold    . . .     Gourm    .   (shield restricted)
rNeg     . . .     Faith    .   d - +0 robe
rPois    .         Spirit   .   (helmet restricted)
rElec    .         Reflect  .   (no cloak)
rCorr    .         Harm     .   (gloves unavailable)
MR       .....                  (boots unavailable)
Stlth    ++........             (no amulet)
HPRegen  0.07/turn              (no ring)
MPRegen  0.10/turn              (no ring)

@: very slightly contaminated, very quick
A: very small, unfitting armour, see invisible, herbivore, speed 3, slow
metabolism 2
a: no special abilities


You were on level 3 of the Dungeon.
You were hungry.

You visited 1 branch of the dungeon, and saw 3 of its levels.
You also visited: Sewer.

You collected 132 gold pieces.

Inventory:

Hand Weapons
 x - a +0 dagger of freezing (weapon)
Missiles
 a - 11 arrows
 e - 163 stones (quivered)
 j - 54 bolts
 m - 3 boomerangs
 t - 4 atropa-tipped darts
Armour
 d - a +0 robe (worn)
 l - a +0 buckler
Scrolls
 b - 3 scrolls of fear {unknown}
 g - a scroll of magic mapping {unknown}
 h - 4 scrolls of remove curse {unknown}
 o - 2 scrolls of fog {unknown}
 p - 2 scrolls of teleportation {unknown}
 q - a scroll of enchant weapon {unknown}
 r - a scroll of random uselessness {unknown}
 u - 2 scrolls of blinking {unknown}
 w - a scroll of noise {unknown}
 y - a scroll of identify {unknown}
Potions
 c - a potion of curing
 i - a potion of mutation {unknown}
 k - 4 potions of heal wounds {unknown}
 n - a potion of haste {unknown}
 s - 2 potions of flight {unknown}
 v - a potion of lignification {unknown}
 z - 3 potions of might {unknown}
 A - a potion of magic {unknown}
Comestibles
 f - 4 rations


   Skills:
 + Level 2.0 Fighting
 + Level 1.1(1.8) Short Blades
   Level 1.5(1.7) Long Blades
 + Level 2.6 Dodging
 + Level 2.6 Stealth
 * Level 0.7 Shields
 * Level 1.7 Spellcasting
 * Level 1.1 Conjurations
 + Level 0.1 Necromancy
 + Level 3.1 Poison Magic
   Level 1.3 Evocations


You had one spell level left.
You knew the following spells:

 Your Spells              Type           Power        Failure   Level  Hunger
a - Sting                 Conj/Pois      #...         11%         1    ##.....
b - Sublimation of Blood  Necr           #.........   34%         2    ###....
c - Poisonous Vapours     Pois/Air       #.....       19%         2    ###....

Your spell library contained the following spells:

 Spells                   Type           Power        Failure   Level  Hunger
 Corpse Rot               Necr           N/A          34%         2    ###....
 Mephitic Cloud           Conj/Pois/Air  #.......     38%         3    ####...
 Olgreb's Toxic Radiance  Pois           ##......     54%         4    #####..
 Venom Bolt               Conj/Pois      #.........   96%         5    ######.


Dungeon Overview and Level Annotations

Branches:
Dungeon (3/15)              Sewer (visited)

Altars:
Sif Muna
Yredelemnul


Innate Abilities, Weirdness & Mutations

You are very small and have problems with some larger weapons.
You are too small for most types of armour.
You have supernaturally acute eyesight. (SInv)
You are a herbivore.
You cover ground extremely quickly.
You need to consume almost no food.


Message History

The orc wizard barely misses you. The orc wizard casts a spell at you.
The magic dart hits you.
You hit the orc wizard. You freeze the orc wizard.
The orc wizard is heavily wounded.
The orc wizard hits you with a +0 dagger.
The orc wizard hits you but does no damage.
The orc wizard completely misses you.
You barely miss the orc wizard.
The orc wizard is heavily wounded.
The orc wizard hits you with a +0 dagger.
* * * LOW HITPOINT WARNING * * *
The orc wizard misses you.
You hit the orc wizard. You freeze the orc wizard.
The orc wizard is severely wounded.
The orc wizard barely misses you. The orc wizard misses you.
The orc wizard hits you but does no damage.
The orc wizard points at you and mumbles some strange words.
The magic dart hits you.
You die...

#.##...............[...........#.
#.##.#.##.##.....................
#.#..................#.#.......##
#.#..#.........................##
.................................
...).####.##.#...................
#.#.## #....#.......#.#..##...##
#.#.# #..#.#.................##
#.#.#####..#....@o......<..#[....
#.#..)...............#.#..##...##
#.#######..###....o..#.#..##...##
#. #..# #........)..).......
#..###.......#.#..##...##
#............#.#..##...#
#..####................#
#...........##.#.###.o##
#..####.###.####.# #o.#


You could see 2 orc wizards.

Vanquished Creatures
  2 river rats (Sewer)
  2 adders (D:3)
  An ooze (D:3)
  A leopard gecko (D:2)
  2 orcs (D:3)
  5 ball pythons (Sewer)
  A bat (D:3)
  A giant cockroach (D:1)
  4 goblins
  7 hobgoblins
  4 jackals (D:2)
  9 kobolds
  6 frilled lizards
  15 rats
60 creatures vanquished.

Notes
Turn   | Place    | Note
-------+----------+-------------------------------------------
     0 | D:1      | Descartes the Spriggan Wanderer began the quest for the
                  | Orb.
     0 | D:1      | Descartes set off with the following items: a +0 dagger, a
                  | potion of curing, a +0 robe, a ration; and the following
                  | spell memorised: Sting; and the following spells available
                  | to memorise: Poisonous Vapours, Corpse Rot, Sublimation of
                  | Blood, Mephitic Cloud, Olgreb's Toxic Radiance, Venom Bolt
     0 | D:1      | Reached XP level 1. HP: 10/10 MP: 3/3
   536 | D:1      | Reached XP level 2. HP: 15/15 MP: 1/4
   786 | D:1      | Reached skill level 1 in Spellcasting
  1485 | D:2      | Found a basalt altar of Yredelemnul.
  2167 | D:3      | Reached XP level 3. HP: 18/18 MP: 2/5
  2184 | D:3      | Found a glowing drain.
  2195 | Sewer    | Entered a sewer
  2343 | Sewer    | Reached skill level 1 in Short Blades
  2621 | Sewer    | Reached skill level 1 in Conjurations
  2793 | Sewer    | Reached XP level 4. HP: 23/23 MP: 5/7
  2799 | Sewer    | Learned a level 2 spell: Sublimation of Blood
  2802 | Sewer    | Learned a level 2 spell: Poisonous Vapours
  3518 | D:3      | Found a shimmering blue altar of Sif Muna.
  3754 | D:3      | Killed from afar by an orc wizard

Levels and vault maps discovered:
D:1:      lemuel_arrival_muddy, layout_basic
D:2:      layout_loops_ring, old_standard_altar
D:3:      layout_basic, nicolae_overflow_hidden_temple, portal_sewer_entry_d

Skill      XL: |  1  2  3  4 |
---------------+-------------+-----
Stealth        | 2 |  2.6
Spellcasting   | 1 |  1.7
Dodging        | 2 |  2.6
Short Blades   | 1 |  1.1
Conjurations   | 1 |  1.1
Fighting       | 2 |  2.0
Long Blades    | |  1.5
Shields        | |  0.7
Necromancy     | |  0.1
Poison Magic   | |  3.1
Evocations     | |  1.3

Action                   |  1- 3 |  4- 6 || total
-------------------------+-------+-------++-------
Melee: Dagger            |    33 |    21 ||    54
 Cast: Sting             |    81 |    35 ||   116
 Stab: Sleeping          |     1 |       ||     1
  Eat: Ration            |     1 |     1 ||     2
Armor: Robe              |     2 |     2 ||     4
Dodge: Dodged            |    26 |    18 ||    44
